 Dungeon Crawl Stone Soup version 0.28-b1-25-g9875b3fc8c (webtiles) character file.

Game seed: 18171158396621041922

538 growler the Skirmisher (level 7, -2/72 HPs)
             Began as an Ogre Arcane Marksman on Jan 31, 2022.
             Slain by a sky beast (6 damage)
             ... on level 5 of the Dungeon.
             The game lasted 00:17:25 (6369 turns).

growler the Skirmisher (Ogre Arcane Marksman)       Turns: 6369, Time: 00:17:25

Health: -2/72      AC:  3    Str: 17    XL:     7   Next: 26%
Magic:  10/10      EV: 14    Int: 14    God:
Gold:   196        SH:  0    Dex:  9    Spells: 9/10 levels left

rFire   + . .      SeeInvis .   k - +4 whip
rCold   . . .      Faith    .   (no shield)
rNeg    . . .      Spirit   .   a - +0 robe
rPois   .          Reflect  .   (helmet restricted)
rElec   .          Harm     .   (no cloak)
rCorr   .          Rampage  .   (gloves unavailable)
Will    .....                   (boots unavailable)
Stlth   +.........              (no amulet)
HPRegen 0.22/turn               m - +4 ring of evasion
MPRegen 0.12/turn               i - ring of protection from fire

@: no status effects
A: large, unfitting armour, tough skin 1
a: no special abilities


You were on level 5 of the Dungeon.
You visited 1 branch of the dungeon, and saw 5 of its levels.

You collected 196 gold pieces.

Inventory:

Hand Weapons
 k - a +4 whip (weapon)
   (You found it on level 2 of the Dungeon)
 n - a +0 whip of electrocution
   (You took it off a kobold on level 3 of the Dungeon)
Missiles
 c - 2 throwing nets (quivered) {!f}
 d - 74 stones
 g - a silver boomerang
Armour
 a - a +0 robe (worn)
Jewellery
 i - a ring of protection from fire (right hand)
   (You found it on level 4 of the Dungeon)
 m - a +4 ring of evasion (left hand)
   (You found it on level 4 of the Dungeon)
 v - a ring of fire
   (You found it on level 5 of the Dungeon)
Wands
 u - a wand of charming (5)
   (You found it on level 5 of the Dungeon)
Scrolls
 e - 2 scrolls of blinking
 f - a scroll of amnesia {unknown}
 j - a scroll of noise {!r}
 l - a scroll of fog
 p - a scroll of summoning {unknown}
 s - a scroll of teleportation {unknown}
 t - a scroll of silence {unknown}
Potions
 h - a potion of haste {unknown}
 o - a potion of berserk rage
 q - a potion of brilliance
 r - 3 potions of ambrosia {unknown}


   Skills:
 + Level 5.0 Fighting
 + Level 4.2 Throwing
 + Level 3.8 Dodging
 - Level 2.0 Spellcasting
 - Level 4.0 Hexes


You had 9 spell levels left.
You knew the following spells:

 Your Spells              Type           Power      Damage    Failure   Level
s - Slow                  Hex            48%        N/A       4%          1

Your spell library contained the following spells:

 Spells                   Type           Power      Damage    Failure   Level
 Sandblast                Erth           2%         2d4       24%         1
 Inner Flame              Hex/Fire       7%         N/A       30%         3
 Portal Projectile        Hex/Tloc       14%        N/A       30%         3
 Passwall                 Tmut/Erth      0%         N/A       34%         2
 Cause Fear               Hex            6%         N/A       41%         4
 Stone Arrow              Conj/Erth      2%         3d7       56%         3


Dungeon Overview and Level Annotations

Branches:
Dungeon (5/15)
 Temple: D:4-7

Altars:
Kikubaaqudgha

Shops:
D:4 [   D:5 *


Innate Abilities, Weirdness & Mutations

You are too large for most types of armour.
You have tough skin. (AC +1)


Message History

Something shocks you.
You miss something. Something barely misses you.
Unknown command.
You barely miss something. Something hits you. Something shocks you.
You closely miss something.
Unknown command.
You miss something. Something hits you. Something shocks you.
* * * LOW HITPOINT WARNING * * *
You miss something. Your punch misses something. Something hits you.
* * * LOW HITPOINT WARNING * * *
Something shocks you.
* * * LOW HITPOINT WARNING * * *
There is an open door here.
Something is blocking the doorway!
A sky beast appears from thin air!
Reactivating autopickup.
The sky beast hits you.
* * * LOW HITPOINT WARNING * * *
The sky beast shocks you.
* * * LOW HITPOINT WARNING * * *
Throw: large rock
Aim: a sky beast (rain, severely wounded, 48% to hit)
You throw a large rock.
The large rock closely misses the sky beast.
The sky beast flickers out of sight!
Deactivating autopickup; reactivate with Ctrl-A.
Something closely misses you. Something hits you.
* * * LOW HITPOINT WARNING * * *
Something shocks you.
* * * LOW HITPOINT WARNING * * *
Nothing appears to happen.
Something hits you but does no damage.
Unknown command.
You miss something. Something hits you but does no damage.
You miss something. Something hits you.
* * * LOW HITPOINT WARNING * * *
Something shocks you.
* * * LOW HITPOINT WARNING * * *
You miss something. Something hits you.
* * * LOW HITPOINT WARNING * * *
Something shocks you.
You die...

..... #.......##....#
#..<
..^...#...#+#.##....####
####
...(.((...+.............
......#...#.#.#.###.####
..... #####.#.#.# .#
.... #.#.#.# .#
########### #.#.#.#
..........# ##.#{#.#
#.######.###)..@..#
#.................#
####...............#
+.......##.#.........#
###.....##.#.......#.#
#.##+###.#.......#.#
#.##.....#.#+#+#.# .
..........#.# .# .#
.###......#.# # .


There were no monsters in sight!

Vanquished Creatures
  A meliai zombie (D:5)
  An ogre (D:4)
  A jelly (D:4)
  2 hounds (D:5)
  An iguana (D:5)
  6 adders
  A white imp (D:4)
  3 worms (D:2)
  A dart slug (D:1)
  2 orcs
  2 bat zombies (D:4)
  8 endoplasms
  4 giant cockroaches
  8 goblins
  5 hobgoblins
  10 jackals
  6 quokkas
  8 ball pythons
  2 bats (D:1)
  5 frilled lizards
  7 kobolds
  8 rats
  A rat zombie (D:4)
93 creatures vanquished.

Notes
Turn   | Place    | Note
-------+----------+-------------------------------------------
     0 | D:1      | growler the Ogre Arcane Marksman began the quest for the
                  | Orb.
     0 | D:1      | Reached XP level 1. HP: 19/19 MP: 2/2
   305 | D:1      | Reached XP level 2. HP: 19/28 MP: 4/4
   893 | D:1      | Reached skill level 2 in Fighting
  1223 | D:1      | Reached XP level 3. HP: 35/35 MP: 5/5
  2355 | D:2      | Reached XP level 4. HP: 44/44 MP: 7/7
  2821 | D:2      | Found a faded altar of an unknown god.
  4268 | D:3      | Reached skill level 3 in Fighting
  4328 | D:3      | Reached XP level 5. HP: 53/53 MP: 8/8
  4774 | D:4      | Found Giudefoohu's Armour Emporium.
  4792 | D:4      | Noticed an ogre
  4796 | D:4      | Killed an ogre
  4797 | D:4      | Reached XP level 6. HP: 62/62 MP: 6/9
  5292 | D:4      | Found an ancient bone altar of Kikubaaqudgha.
  5448 | D:5      | Entered Level 5 of the Dungeon
  5844 | D:5      | Found Qozahire's Assorted Antiques.
  5860 | D:5      | Reached skill level 4 in Fighting
  6008 | D:5      | Reached skill level 5 in Fighting
  6008 | D:5      | Reached XP level 7. HP: 6/72 MP: 10/10
  6369 | D:5      | Slain by a sky beast

Illustrated notes

Levels and vault maps discovered:
D:1:      lightli_arrival_noodles, layout_loops_ring, minmay_pentomino_o2
D:2:      layout_loops_cross, shapermc_ecumenical_altar_pompeii
D:3:      layout_basic
D:4:      layout_cave_pools, lemuel_zombie_altar_kikubaaqudgha, serial_shops,
          shop
D:5:      layout_basic, gammafunk_ghost_stat_death, serial_shops,
          nicolae_shop_stone, shop

Skill      XL: |  1  2  3  4  5  6 |
---------------+-------------------+-----
Dodging        | 2 3 |  3.8
Fighting       | 2 3 5 |  5.0
Hexes          | 3 4 |  4.0
Spellcasting   | 2 |  2.0
Throwing       | 3 4 |  4.2

Action                   |  1- 3 |  4- 6 |  7- 9 || total
-------------------------+-------+-------+-------++-------
Melee: Unarmed           |    45 |     2 |       ||    47
       Whip              |       |   196 |    12 ||   208
       Punch             |       |     2 |       ||     2
Throw: Stone             |   197 |    63 |       ||   260
       Large rock        |    15 |     9 |     4 ||    28
       Boomerang         |     7 |       |       ||     7
 Cast: Slow              |       |     4 |     1 ||     5
Evoke: Wand              |       |       |     1 ||     1
  Use: Scroll            |       |     5 |       ||     5
 Stab: Sleeping          |       |     1 |       ||     1
Armor: Robe              |    42 |    51 |     3 ||    96
Dodge: Dodged            |   100 |   174 |     2 ||   276
